Get step-by-step instructions on how to execute this build order below. Start the game timer, and the build order will tick by so you can play in parallel with StarCraft on a second screen or mobile device.

Game Time

  0:00

Last Step

  N/A

Next Step

Upcoming Step



Don't want to look back and forth between 2 screens? Try out our Overwolf App, the Spawning Tool Build Advisor to get an in-game overlay with this build!

Complete Build Order

  8  0:00  SCV  
  9  0:12  SCV  
  10  0:24  SCV  
  11  0:36  SCV  
  11  0:39  Supply Depot  
  12  0:48  SCV  
  13  1:01  SCV  
  13  1:02  Barracks  
  14  1:05  Refinery  
  14  1:13  SCV  
  15  1:25  SCV  
  16  1:37  SCV  
  17  1:49  Reaper, Orbital Command  
  18  2:10  Command Center  
  18  2:15  SCV  
  19  2:22  Supply Depot  
  19  2:25  Marine  
  19  2:28  SCV  
  21  2:44  SCV, Barracks Reactor  
  22  2:47  Factory  
  22  2:56  SCV  
  23  3:11  SCV  
  24  3:16  Command Center  
  24  3:23  SCV  
  25  3:31  Orbital Command  
  25  3:36  SCV  
  25  3:37  Starport  
  26  3:48  SCV  
  27  3:49  Hellion x2  
  27  3:53  Refinery  
  31  3:56  Barracks Tech Lab  
  31  3:58  SCV  
  31  4:00  SCV  
  33  4:10  SCV  
  33  4:11  Hellion x2  
  33  4:13  SCV  
  39  4:22  SCV, Barracks Tech Lab  
  40  4:26  SCV  
  40  4:27  Banshee  
  40  4:29  Orbital Command  
  44  4:34  SCV  
  45  4:40  Hellion  
  45  4:42  Supply Depot  
  45  4:43  Hellion  
  45  4:44  SCV  
  50  4:47  SCV  
  50  4:52  Marine  
  51  4:53  Stimpack  
  51  4:55  SCV  
  51  4:58  SCV  
  54  5:00  SCV  
  55  5:13  Banshee  
  58  5:14  SCV, Barracks x2  
  58  5:16  SCV, Supply Depot  
  58  5:19  Marine  
  58  5:20  Factory Reactor  
  58  5:21  SCV  
  62  5:26  SCV  
  63  5:37  SCV x2  
  63  5:38  SCV  
  63  5:39  Marine  
  63  5:42  Refinery  
  65  5:43  Refinery, Supply Depot  
  65  5:49  SCV x2, Engineering Bay  
  67  5:50  Engineering Bay, SCV  
  68  6:00  Orbital Command  
  68  6:01  SCV  
  68  6:02  SCV  
  71  6:07  Barracks  
  71  6:09  Barracks  
  70  6:13  Marine x2, SCV  
  70  6:15  Marine  
  70  6:16  Terran Infantry Weapons Level 1  
  70  6:17  Terran Infantry Armor Level 1, Starport Reactor  
  70  6:18  SCV  
  75  6:22  Supply Depot x2  
  75  6:24  Siege Tank  
  75  6:25  Marine  
  79  6:30  Marine, SCV x2  
  79  6:32  Marine x2  
  84  6:35  Combat Shield  
  84  6:36  SCV  
  84  6:39  Marauder  
  87  6:44  SCV  
  87  6:46  SCV, Marine  
  90  6:48  SCV  
  90  6:49  Marine  
  90  6:50  Marine  
  90  6:51  Supply Depot  
  93  6:56  SCV  
  93  6:58  SCV  
  93  7:00  SCV, Siege Tank, Medivac  
  93  7:01  Medivac  
  103  7:07  Barracks Tech Lab x2  
  102  7:08  SCV  
  102  7:10  SCV  
  102  7:11  Refinery  
  102  7:12  Supply Depot  
  102  7:14  SCV  
  99  7:16  Factory  
  99  7:20  SCV  
  99  7:22  Marine, SCV, Marauder  
  104  7:23  Marine  
  104  7:26  SCV  
  104  7:29  Marauder x2  
  110  7:31  Supply Depot  
  110  7:32  SCV  
  110  7:35  SCV, Armory  
  111  7:45  Supply Depot  
  111  7:46  Supply Depot  
  111  7:47  Medivac x2  
  115  7:55  Marauder x3, Siege Tank  
  115  7:58  SCV x2, Supply Depot  
  126  8:02  Refinery  
  126  8:04  Factory Tech Lab  
  126  8:06  Command Center  
  126  8:09  SCV  
  126  8:10  SCV  
  126  8:11  Supply Depot  
  128  8:15  Marine  
  128  8:16  Marauder, SCV  
  132  8:26  Marauder x2  
  137  8:27  Medivac x2  
  137  8:30  Terran Infantry Weapons Level 2  
  137  8:33  Supply Depot  
  140  8:35  Marine x2  
  140  8:38  Marine  
  140  8:39  Marine  
  142  8:45  Siege Tank  
  142  8:46  Siege Tank  
  148  8:50  Marauder x2, Marine  
  148  8:53  Marine  
  148  8:55  Marine, Supply Depot, Barracks x2  
  155  8:56  Barracks  
  155  8:58  Supply Depot  
  155  9:01  Marine  
  155  9:02  Marine  
  157  9:10  Marauder  
  157  9:11  Marine, Terran Infantry Armor Level 2  
  157  9:16  Marine  
  157  9:17  Marauder  
  158  9:18  Siege Tank  
  158  9:23  Medivac x2  
  158  9:24  Marine  
  166  9:25  Marine x2  
  166  9:29  Marauder  
  166  9:31  Marine  
  160  9:34  Marine  
  160  9:37  Marine  
  133  9:39  Siege Tank  
  133  9:41  Marine  
  133  9:43  Marine x2  
  124  9:48  Marine  
  124  9:50  Marauder  
  124  9:52  Marine, Siege Tank  
  127  9:55  Marine  
  127  9:59  Marine  
  128  10:00  Marine  
  128  10:01  Marine  
  128  10:02  Medivac  
  128  10:06  Concussive Shells  
  130  10:07  Marauder  
  130  10:10  Marine x4  
  130  10:11  Siege Tank, Marine  
  130  10:13  SCV, Marine  
  140  10:19  Marine  
  141  10:21  Medivac  
  141  10:23  Marine  
  141  10:28  Supply Depot x2, Marauder  
  146  10:29  Supply Depot, Siege Tank  
  146  10:30  Barracks Tech Lab  
  146  10:31  Barracks Reactor, Marine  
  146  10:32  Marauder  
  152  10:38  SCV x3  
  152  10:40  Terran Vehicle Weapons Level 1  
  152  10:42  Marine x2  
  157  10:43  Barracks Reactor, Marauder  
  157  10:45  Barracks Tech Lab  
  157  10:46  Marine  
  157  10:48  Barracks Tech Lab  
  162  10:50  Marauder, SCV x2  
  162  10:51  Marine  
  165  10:58  Marauder, Siege Tank  
  165  11:00  Marine x2  
  172  11:05  Liberator x2  
  172  11:07  Marine, Marauder  
  172  11:08  Marine  
  172  11:10  Marine, Marauder  
  182  11:13  Marine  
  182  11:14  Marine  
  182  11:16  Marine  
  182  11:19  Marine, Marauder  
  182  11:22  Marine  
  182  11:23  Terran Infantry Weapons Level 3  
  186  11:27  Marine x2  
  188  11:33  Marine  
  188  11:36  Marauder  
  188  11:39  Supply Depot  
  185  11:43  Planetary Fortress  
  185  11:46  Marine  
  188  11:47  Marauder  
  188  11:50  Marine  
  178  11:56  Marine x3, Marauder  
  178  11:57  Marine  
  178  11:58  Marauder  
  178  11:59  Siege Tank, Terran Infantry Armor Level 3  
  178  12:01  Siege Tank, SCV x3  
  189  12:03  Refinery  
  189  12:04  Refinery, Marine  
  193  12:11  Marine  
  193  12:12  Marauder  
  196  12:21  Marine, SCV  
  196  12:25  Marine, Marauder  
  196  12:26  Marauder, Marine  
  180  12:31  Siege Tank  
  180  12:32  Marine x2, Marauder  
  180  12:35  Siege Tank  
  184  12:37  Marine x2  
  184  12:40  Supply Depot  
  184  12:41  Supply Depot  
  184  12:42  Marine  
  177  12:45  Marine  
  177  12:49  SCV x3  
  157  13:01  Marine  
  157  13:02  Supply Depot, Marine, SCV x3  
  160  13:10  Siege Tank  
  160  13:11  Siege Tank  
  166  13:14  Medivac, SCV x2  
  166  13:16  Marine  
  166  13:18  Marine  
  172  13:21  Marine x2  
  172  13:22  Marine  
  160  13:27  Marauder  
  160  13:34  SCV  
  147  13:36  Marine, Marauder  
  129  13:42  Siege Tank  
  129  13:47  Siege Tank, Medivac x2  
  137  13:50  SCV  
  137  13:55  Supply Depot  
  137  14:00  Marine, Marauder  
  140  14:03  Marine  
  140  14:04  Marauder, Marine  
  140  14:07  Marine  
  140  14:08  Marine  
  146  14:10  Marine  
  146  14:16  Marauder  
  144  14:20  Bunker  
  144  14:25  Refinery  
  144  14:27  Refinery, Marauder  
  144  14:30  Siege Tank  
  149  14:33  SCV x3  
  145  14:45  SCV x3  
  146  14:48  Medivac x2  
  146  14:49  Siege Tank  
  146  14:52  Marauder  
  149  14:58  Marine  
  149  14:59  Marauder  
  152  15:00  Marine x2, Marauder  
  152  15:03  Marine  
  152  15:05  Marine